 Dungeon Crawl Stone Soup version 0.29.0-13-gc9e81de378 (webtiles) character file.

Game seed: 12091038254978795644

22 Ofeo the Conjurer (level 3, 0/26 HPs)
             Began as a Meteoran Conjurer on Sept 9, 2022.
             Was an Initiate of Ashenzari.
             Slain by a black bear (5 damage)
             ... on level 4 of the Dungeon.
             The game lasted 00:02:24 (250 turns).

Ofeo the Conjurer (Meteoran Conjurer)                Turns: 250, Time: 00:02:24

Health: 0/26       AC:  2    Str:  8    XL:     3   Next: 23%
Magic:  4/8        EV: 12    Int: 21    God:    Ashenzari [......]
Gold:   5          SH:  0    Dex: 13    Spells: 2/8 levels left

rFire   . . .      SeeInvis .   (no weapon)
rCold   . . .      Faith    .   (no shield)
rNeg    . . .      Spirit   .   a - +0 robe
rPois   .          Reflect  .   (no helmet)
rElec   .          Harm     .   (no cloak)
rCorr   .          Rampage  .   (no gloves)
Will    .....                   (no boots)
Stlth   +.........              (no amulet)
HPRegen 0.08/turn               (no ring)
MPRegen 0.11/turn               (no ring)

@: glowing
A: sense surroundings 1, otherworldly, glowing, explore regen
a: Renounce Religion


You were on level 4 of the Dungeon.
You worshipped Ashenzari.
Ashenzari was noncommittal.
You visited 1 branch of the dungeon, and saw 4 of its levels.

You collected 5 gold pieces.

Inventory:

Armour
 a - a +0 robe (worn)
Scrolls
 c - a scroll of blinking {unknown}
 d - a scroll of summoning {unknown}
Potions
 b - a potion of magic


   Skills:
 + Level 0.1 Fighting
 + Level 2.9 Dodging
 + Level 1.7 Stealth
 + Level 3.1 Spellcasting
 + Level 5.1 Conjurations
 + Level 0.0 Fire Magic


You had 2 spell levels left.
You knew the following spells:

 Your Spells              Type           Power      Damage    Failure   Level
a - Magic Dart            Conj           96%        1d7       1%          1
b - Conjure Flame         Conj/Fire      14%        6-21      14%         3
c - Searing Ray           Conj           48%        2d6       2%          2

Your spell library contained the following spells:

 Spells                   Type           Power      Damage    Failure   Level
 Foxfire                  Conj/Fire      56%        2x1d6     4%          1
 Dazzling Flash           Conj/Hex       28%        N/A       14%         3
 Inner Flame              Hex/Fire       3%         N/A       36%         3
 Flame Wave               Conj/Fire      14%        2d6       41%         4
 Fulminant Prism          Conj/Hex       7%         3d7       41%         4
 Iskenderun's Mystic Bla  Conj/Tloc      14%        2d5       41%         4


Dungeon Overview and Level Annotations

Branches:
Dungeon (4/15) Zot: 2146
 Temple: D:4-7

Altars:
Ashenzari
Dithmenos
Kikubaaqudgha
Nemelex Xobeh
Okawaru
Sif Muna
Trog
Wu Jian
Zin


Innate Abilities, Weirdness & Mutations

You passively map a small area around you.
You are easily found by Zot.
You glow in the dark.
You regain HP and MP as you explore.


Message History

Found three altars.
Found a bloodstained altar of Trog.
Found a shimmering blue altar of Sif Muna.
Found a broken altar of Ashenzari.
There is a broken altar of Ashenzari here.
You kneel at the altar of Ashenzari.
Ashenzari welcomes you!
Ashenzari warns you of distant threats and treasures.
Ashenzari reveals the structure of the dungeon to you.
Ashenzari shows you where magical portals lie.
There is a stone staircase leading down here.
You climb downwards.
Found a falchion.
There is a stone staircase leading up here.
A black bear comes into view.
Found a scroll labelled ANAETO XOKHLUA.
The black bear growls angrily.
Casting: Magic Dart (safe; 1% risk of failure)
Confirm with . or Enter, or press ? or * to list all spells.
Aiming: Searing Ray (safe; 2% risk of failure)
Press: ? - help, Shift-Dir - straight line, f - black bear
Aim: a black bear (85% to hit)
The searing ray hits the black bear.
The black bear is lightly wounded. (Press . to maintain the ray.)
The black bear bites you. The black bear claws you.
The black bear claws you but does no damage.
You take 8 damage, and have 18/26 hp.
MASSIVE DAMAGE!!
You now have 6/8 mp.
The searing ray hits the black bear!
The black bear is heavily wounded.
The black bear bites you. The black bear claws you. x2
* * * LOW HITPOINT WARNING * * *
You take 13 damage, and have 5/26 hp.
MASSIVE DAMAGE!!
You now have 5/8 mp.
The searing ray hits the black bear.
The black bear is severely wounded.
The black bear bites you but does no damage.
The black bear claws you.
You die...

, * ⌠ ###. *,
* , #.#. * * *
* #..., , ,
..?# , * ##
...# * .. ,..#
*
#.#####h#.#...
,*
#..<..@.....#
*
#######)###...
, .# * * * .#
* *.# *.# *
*.# , , *.# *


You could see a black bear.

Vanquished Creatures
  An adder (D:3)
  A ball python (D:2)
  2 bats (D:2)
  2 endoplasms
  A giant cockroach (D:2)
  2 quokkas (D:2)
  A frilled lizard (D:2)
  2 rats
12 creatures vanquished.

Notes
Turn   | Place    | Note
-------+----------+-------------------------------------------
     0 | D:1      | Ofeo the Meteoran Conjurer began the quest for the Orb.
     0 | D:1      | Reached XP level 1. HP: 14/14 MP: 5/5
    67 | D:2      | Reached XP level 2. HP: 20/20 MP: 3/6
    94 | D:2      | Reached skill level 5 in Conjurations
   152 | D:3      | Reached XP level 3. HP: 24/26 MP: 3/8
   156 | D:3      | Learned a level 3 spell: Conjure Flame
   159 | D:3      | Learned a level 2 spell: Searing Ray
   169 | D:3      | Found a faded altar of an unknown god.
   212 | D:3      | Found a glowing silver altar of Zin.
   213 | D:3      | Found a shadowy altar of Dithmenos.
   216 | D:3      | Found a sparkling altar of Nemelex Xobeh.
   217 | D:3      | Found an ornate altar of the Wu Jian Council.
   217 | D:3      | Found an ancient bone altar of Kikubaaqudgha.
   217 | D:3      | Found an iron altar of Okawaru.
   219 | D:3      | Found a bloodstained altar of Trog.
   220 | D:3      | Found a shimmering blue altar of Sif Muna.
   221 | D:3      | Found a broken altar of Ashenzari.
   226 | D:3      | Became a worshipper of Ashenzari the Shackled
   246 | D:4      | Noticed a black bear
   250 | D:4      | Slain by a black bear

Illustrated notes

Levels and vault maps discovered:
D:1:      scummos_arrival_checkerplants, layout_basic
D:2:      layout_loops_cross, minmay_tetromino_o4
D:3:      layout_basic, minitemple, serial_shops, shop,
          nicolae_ecumenical_lake_church, nicolae_kite_square_tiling_tiny,
          kennysheep_boxes
D:4:      minmay_octagon_keep, layout_loops_ring,
          chequers_serial_rivers_micro_c, serial_bayou_lagoon_a,
          grunt_decor_mini_mirrors, uniq_duvessa, uniq_edmund, uniq_eustachio

Skill      XL: |  1  2 |
---------------+-------+-----
Spellcasting   | 3 |  3.1
Conjurations   | 5 |  5.1
Fighting       | |  0.1
Dodging        | |  2.9
Stealth        | |  1.7

Action                   || total
-------------------------++-------
 Cast: Magic Dart        ||    24
       Searing Ray       ||     1
Armor: Robe              ||     3
Dodge: Dodged            ||     3
